 Dungeon Crawl Stone Soup version 0.26-a0-639-g72c4674 (webtiles) character file.

Game seed: 14925146550607767661

884 royokou the Destroyer (level 7, -13/38 HPs)
             Began as a Deep Elf Conjurer on Sept 18, 2020.
             Mangled by an orc warrior
             ... wielding a +0 morningstar
              (16 damage)
             ... on level 6 of the Dungeon.
             The game lasted 00:22:00 (6116 turns).

royokou the Destroyer (Deep Elf Conjurer)           Turns: 6116, Time: 00:22:01

Health: -13/38     AC:  4    Str: 10    XL:     7   Next: 76%
Magic:  3/15       EV: 10    Int: 23    God:
Gold:   247        SH:  7    Dex: 17    Spells: 1/15 levels left

rFire    + . .     SeeInvis .   B - +7 dagger "Widowmaker" {vorpal, +Inv Str+4 Dex+4}
rCold    x . .     Faith    .   p - +0 kite shield
rNeg     . . .     Spirit   .   q - +0 robe
rPois    .         Reflect  .   x - +0 helmet
rElec    .         Harm     .   (no cloak)
rCorr    .         Rampage  .   (no gloves)
MR       +....                  b - +0 pair of boots
Stlth    ++........             (no amulet)
HPRegen  0.12/turn              k - ring of protection from magic
MPRegen  0.14/turn              h - ring of fire

@: no status effects
A: no striking features
a: Evoke Invisibility


You were on level 6 of the Dungeon.
You visited 1 branch of the dungeon, and saw 6 of its levels.

You collected 247 gold pieces.

Inventory:

Hand Weapons
 f - a +0 spear
 g - a +2 short sword of electrocution
 B - the +7 dagger "Widowmaker" (weapon) {vorpal, +Inv Str+4 Dex+4}
   (You found it on level 5 of the Dungeon)

   It inflicts extra damage upon your enemies.
   It affects your strength (+4).
   It affects your dexterity (+4).
   It lets you turn invisible.
Armour
 a - a +0 robe
 b - a +0 pair of boots (worn)
 e - a +0 tower shield
 p - a +0 kite shield (worn)
 q - a +0 robe (worn)
 x - a +0 helmet (worn)
Jewellery
 h - a ring of fire (right hand)
 k - a ring of protection from magic (left hand)
Wands
 D - a wand of flame (14)
Scrolls
 d - a scroll of blinking {unknown}
 i - 3 scrolls of teleportation {unknown}
 j - a scroll of remove curse {unknown}
 o - a scroll of fog {unknown}
 r - 8 scrolls of identify {unknown}
 t - a scroll of magic mapping {unknown}
 y - a scroll of enchant armour {unknown}
 A - 3 scrolls of noise {unknown}
 C - a scroll of holy word {unknown}
Potions
 c - a potion of brilliance {unknown}
 l - 4 potions of flight {unknown}
 m - 2 potions of stabbing {unknown}
 n - a potion of heal wounds {unknown}
 s - 4 potions of lignification {unknown}
 u - a potion of curing {unknown}
 v - a potion of invisibility {unknown}
 w - a potion of degeneration {unknown}
 z - a potion of magic {unknown}


   Skills:
 + Level 1.0 Fighting
 + Level 1.2 Short Blades
 - Level 2.4 Dodging
 - Level 2.4 Stealth
 + Level 1.0 Shields
 - Level 4.6 Spellcasting
 - Level 8.1 Conjurations
 - Level 4.6 Hexes
 - Level 3.0 Translocations


You had one spell level left.
You knew the following spells:

 Your Spells              Type           Power        Failure   Level
a - Magic Dart            Conj           ####         1%          1
b - Searing Ray           Conj           #####.       3%          2
c - Dazzling Flash        Conj/Hex       ####..       13%         3
d - Iskenderun's Mystic   Conj/Tloc      ####....     52%         4
e - Fulminant Prism       Conj/Hex       ####......   41%         4

Your spell library contained the following spells:

 Spells                   Type           Power        Failure   Level


Dungeon Overview and Level Annotations

Branches:
Dungeon (6/15)
 Temple: D:4-7

Altars:
Nemelex Xobeh
Trog

Shops:
D:5 }


Message History

The orc warrior closely misses you.
The searing ray misses the orc warrior.
The searing ray hits the white imp!
You kill the white imp!
The searing ray hits the orc warrior!
The orc warrior is almost dead.
You finish channeling your searing ray.
The orc warrior hits you with a +0 morningstar!
Casting: Searing Ray (safe; 3% risk of failure)
Confirm with . or Enter, or press ? or * to list all spells.
Aiming: Searing Ray (safe; 3% risk of failure)
Press: ? - help, Shift-Dir - straight line, f - orc warrior
Aim: an orc warrior, wielding a +0 morningstar and wearing a +0 plate armour (almost dead)
The searing ray misses the orc warrior. (Press . to maintain the ray.)
The orc warrior hits you with a +0 morningstar!!
Ouch! That really hurt!
* * * LOW HITPOINT WARNING * * *
The searing ray misses the orc warrior.
The orc warrior hits you with a +0 morningstar!
You die...

#....####'#####.#.....#
........#................#
......###...........#+#...
.....†.# #............
#.... .......#
#..........# .......
#........... .....
###..###+###. #..........
##@.<..#### #..[)o.......#
#.##########.# #


You could see an orc warrior.

Vanquished Creatures
  2 ogres
  A phantom (D:4)
  A centaur skeleton (D:5)
  4 orc priests
  A jelly (D:5)
  An orc wizard (D:5)
  An iguana (D:6)
  4 worker ants
  Robin (D:4)
  5 gnolls
  8 adders
  A white imp (D:6)
  An ufetubus (D:4)
  3 oozes
  An adder skeleton (D:5)
  3 worms
  2 dart slugs
  4 leopard geckos
  16 orcs
  11 bats
  5 giant cockroaches
  18 goblins
  8 hobgoblins
  13 jackals
  5 kobolds
  2 quokkas (D:3)
  3 ball pythons
  7 frilled lizards
  9 rats
141 creatures vanquished.

Vanquished Creatures (others)
  An orc (D:6)
  22 plants (D:3)
23 creatures vanquished.

Grand Total: 164 creatures vanquished

Notes
Turn   | Place    | Note
-------+----------+-------------------------------------------
     0 | D:1      | royokou the Deep Elf Conjurer began the quest for the Orb.
     0 | D:1      | Reached XP level 1. HP: 10/10 MP: 6/6
   309 | D:1      | Reached XP level 2. HP: 15/15 MP: 5/8
   354 | D:1      | Reached skill level 5 in Conjurations
   561 | D:1      | Learned a level 2 spell: Searing Ray
   609 | D:1      | Reached XP level 3. HP: 19/19 MP: 3/9
  1041 | D:1      | Learned a level 3 spell: Dazzling Flash
  1193 | D:2      | Reached skill level 6 in Conjurations
  1193 | D:2      | Reached skill level 1 in Hexes
  1193 | D:2      | Reached XP level 4. HP: 24/24 MP: 5/10
  2401 | D:3      | Reached XP level 5. HP: 28/28 MP: 6/11
  2407 | D:3      | Learned a level 4 spell: Iskenderun's Mystic Blast
  3156 | D:4      | Noticed Robin
  3299 | D:4      | Killed Robin
  3414 | D:4      | Noticed a phantom
  3423 | D:4      | Killed a phantom
  3423 | D:4      | Reached skill level 7 in Conjurations
  3423 | D:4      | Reached skill level 1 in Translocations
  3423 | D:4      | Reached XP level 6. HP: 22/32 MP: 3/13
  3813 | D:4      | Found a bloodstained altar of Trog.
  4054 | D:5      | Entered Level 5 of the Dungeon
  4287 | D:5      | Found a sparkling altar of Nemelex Xobeh.
  4403 | D:5      | Reached XP level 7. HP: 36/36 MP: 9/15
  4411 | D:5      | Learned a level 4 spell: Fulminant Prism
  4463 | D:5      | Found Ceguy's Gadget Shop.
  4682 | D:5      | Got a pitted dagger
  4683 | D:5      | Identified the +7 dagger "Widowmaker" {vorpal, +Inv Str+4
                  | Dex+4} (You found it on level 5 of the Dungeon)
  4769 | D:5      | Reached skill level 8 in Conjurations
  6036 | D:6      | Reached skill level 1 in Short Blades
  6110 | D:6      | Reached skill level 1 in Fighting
  6110 | D:6      | Reached skill level 1 in Shields
  6116 | D:6      | Mangled by an orc warrior

Illustrated notes

Levels and vault maps discovered:
D:1:      dpeg_arrival_boxes_within_box, layout_loops_cross
D:2:      layout_loops_ring
D:3:      layout_loops_ring, serial_bayou_pond_c
D:4:      layout_rooms, lemuel_crystal_altar,
          hangedman_abyss_or_decor_jellyfish_corner, uniq_robin
D:5:      layout_basic, nemelex_xobeh_ov_fountains_minmay, serial_shops, shop,
          portal_sewer_entry_b, minmay_misc_feat_iff
D:6:      layout_basic

Skill      XL: |  1  2  3  4  5  6  7 |
---------------+----------------------+-----
Conjurations   | 5 6 7 8 |  8.1
Hexes          | 1 2 3 4 |  4.6
Translocations | 1 2 3 |  3.0
Spellcasting   | 4 |  4.6
Short Blades   | 1 |  1.2
Fighting       | 1 |  1.0
Shields        | 1 |  1.0
Dodging        | |  2.4
Stealth        | |  2.4

Action                   |  1- 3 |  4- 6 |  7- 9 || total
-------------------------+-------+-------+-------++-------
Melee: Short sword       |    18 |    36 |     1 ||    55
       Dagger            |       |       |     5 ||     5
 Cast: Magic Dart        |    35 |   104 |    40 ||   179
       Searing Ray       |     4 |    21 |    12 ||    37
       Dazzling Flash    |       |     1 |       ||     1
 Abil: Evoke Invisibilit |       |       |     1 ||     1
 Stab: Sleeping          |       |     1 |       ||     1
Armor: Robe              |     6 |    11 |     1 ||    18
Dodge: Dodged            |    23 |    44 |     3 ||    70
Block: Kite shield       |       |       |     1 ||     1

Table legend: (Time is in decaauts)
 A = Elapsed time spent in this place.
 B = Non-inter-level travel time spent in this place.
 C = Inter-level travel time spent in this place.
 D = Time resting spent in this place.
 E = Time spent auto-exploring this place.
 F = Levels seen in this place.
 G = Mean time per level.
                   A        B        C        D        E       F      G
               +--------+--------+--------+--------+--------+-----+--------+
         Total |   6126 |   5922 |    204 |    617 |   4600 |   6 | 1021.0 |
       Dungeon |   6126 |   5922 |    204 |    617 |   4600 |   6 | 1021.0 |
               +--------+--------+--------+--------+--------+-----+--------+

Top non-repeatable levels by time:
     D:5: 1466 daAuts
     D:3: 1294 daAuts
     D:1: 1054 daAuts
     D:2: 937 daAuts
     D:4: 777 daAuts
     D:6: 594 daAuts
